TOP OF THE 1ST |
Long Island Ducks batting - Pitching for Ogallala Octopi : RHP Wilton Farrell
|
Pitching: RHP Wilton Farrell
|
|
Batting: LHB Quincy Wright
|
0-0: Ball 1-0: Ball 2-0: Called Strike 2-1: Foul Ball, location: 2F 2-2: Ground out 1-3 (Groundball, 34S, EV 75.0 MPH)
|
Batting: RHB Marvin Moody
|
0-0: Ball 1-0: Fly out, F9 (Flyball, 9D, EV 75.6 MPH)
|
Batting: RHB Alden Hargrove
|
0-0: Ball 1-0: Ball 2-0: Foul Ball, location: 2F 2-1: Ball 3-1: Base on Balls
|
Batting: SHB Ed Edwards
|
0-0: Ball 1-0: Called Strike 1-1: Swinging Strike 1-2: Ground out U3 (Groundball, 3, EV 89.4 MPH)
|
Top of the 1st over - 0 runs, 0 hits, 0 errors, 1 left on base; Long Island 0 - Ogallala 0 |
BOTTOM OF THE 1ST |
Ogallala Octopi batting - Pitching for Long Island Ducks : RHP Terrence Ramsey
|
Pitching: RHP Terrence Ramsey
|
|
Batting: RHB Wei-fang Ping
|
0-0: Ball 1-0: Foul Ball, location: 2F 1-1: Ball 2-1: Foul Ball, location: 2F 2-2: Foul Ball, location: 2F 2-2: Foul Ball, location: 2F 2-2: Foul Ball, location: 2F 2-2: Ground out 4-3 (Groundball, 4MD, EV 79.4 MPH)
|
Batting: RHB Arjan Zintel
|
0-0: Fly out, F8 (Flyball, 8RD, EV 101.9 MPH)
|
Batting: LHB Rhys Robert
|
0-0: Called Strike 0-1: Ball 1-1: Ball 2-1: Ball 3-1: Foul Ball, location: 2F 3-2: Ground out 3-1 (Groundball, 34, EV 83.1 MPH)
|
Bottom of the 1st over - 0 runs, 0 hits, 0 errors, 0 left on base; Long Island 0 - Ogallala 0 |
TOP OF THE 2ND |
Long Island Ducks batting - Pitching for Ogallala Octopi : RHP Wilton Farrell
|
Batting: RHB Jeremy Blanchard
|
0-0: Called Strike 0-1: Called Strike 0-2: Strikes out looking
|
Batting: LHB Johnny Sawyer
|
0-0: Swinging Strike 0-1: Swinging Strike 0-2: Ball 1-2: Foul Ball, location: 2F 1-2: Strikes out swinging
|
Batting: RHB Jesse Haas
|
0-0: Ground out 4-3 (Groundball, 4M, EV 103.1 MPH)
|
Top of the 2nd over - 0 runs, 0 hits, 0 errors, 0 left on base; Long Island 0 - Ogallala 0 |
BOTTOM OF THE 2ND |
Ogallala Octopi batting - Pitching for Long Island Ducks : RHP Terrence Ramsey
|
Batting: RHB Abílio Cosgaia
|
0-0: Foul Ball, location: 2F 0-1: Foul Ball, location: 2F 0-2: Foul Ball, location: 2F 0-2: Foul Ball, location: 2F 0-2: Ball 1-2: Ground out 3-1 (Groundball, 34, EV 81.9 MPH)
|
Batting: RHB Miguel Zarate
|
0-0: Ground out 6-3 (Groundball, 6MS, EV 68.1 MPH)
|
Batting: RHB Dave Pace
|
0-0: Called Strike 0-1: Ball 1-1: Ground out 5-3 (Groundball, 56, EV 82.5 MPH)
|
Bottom of the 2nd over - 0 runs, 0 hits, 0 errors, 0 left on base; Long Island 0 - Ogallala 0 |
TOP OF THE 3RD |
Long Island Ducks batting - Pitching for Ogallala Octopi : RHP Wilton Farrell
|
Batting: RHB Ryan Miller
|
0-0: Ball 1-0: Called Strike 1-1: Ball 2-1: Called Strike 2-2: Strikes out swinging
|
Batting: LHB Dan Lauer
|
0-0: Ground out U3 (Groundball, 34S, EV 89.4 MPH)
|
Batting: LHB Quincy Wright
|
0-0: DOUBLE (Groundball, 3D, EV 94.4 MPH)
|
Batting: RHB Marvin Moody
|
0-0: Called Strike 0-1: Ground out 6-3 (Groundball, 6D, EV 106.2 MPH)
|
Top of the 3rd over - 0 runs, 1 hit, 0 errors, 1 left on base; Long Island 0 - Ogallala 0 |
BOTTOM OF THE 3RD |
Ogallala Octopi batting - Pitching for Long Island Ducks : RHP Terrence Ramsey
|
Batting: RHB Freddie Martin
|
0-0: Ball 1-0: Ball 2-0: Ball 3-0: Base on Balls
|
Batting: RHB Vladimir Milojeviĉ
|
0-0: Called Strike 0-1: Ball 1-1: Called Strike 1-2: Ball Passed Ball! Freddie Martin to second 2-2: Strikes out swinging
|
Batting: RHB Al Garrett
|
0-0: Ball 1-0: Swinging Strike 1-1: Fly out, F7 (Flyball, 78M, EV 82.5 MPH)
|
Batting: RHB Wei-fang Ping
|
0-0: Called Strike 0-1: Swinging Strike 0-2: Foul Ball, location: 2F 0-2: Ball Passed Ball! Freddie Martin to third 1-2: Ball 2-2: Strikes out looking
|
Bottom of the 3rd over - 0 runs, 0 hits, 0 errors, 1 left on base; Long Island 0 - Ogallala 0 |
TOP OF THE 4TH |
Long Island Ducks batting - Pitching for Ogallala Octopi : RHP Wilton Farrell
|
Batting: RHB Alden Hargrove
|
0-0: Foul Ball, location: 2F 0-1: SINGLE (Flyball, 8LS, EV 96.2 MPH)
|
Batting: SHB Ed Edwards
|
0-0: Called Strike 0-1: Called Strike 0-2: Ball 1-2: Ball 2-2: SINGLE (Groundball, 34D, EV 100.6 MPH) Alden Hargrove to second Runner from 2nd tries for 3rd, SAFE, no throw by RF
|
Batting: RHB Jeremy Blanchard
|
0-0: Swinging Strike 0-1: Ball 1-1: SINGLE (Line Drive, 34, EV 107.5 MPH) Alden Hargrove scores Ed Edwards to second
|
Batting: LHB Johnny Sawyer
|
0-0: Ball 1-0: Foul Ball, location: 2F 1-1: Ball 2-1: Foul Ball, location: 2F 2-2: Foul Ball, location: 2F 2-2: Strikes out swinging
|
Batting: RHB Jesse Haas
|
0-0: Fly out, F7 (Flyball, 7, EV 85.6 MPH)
|
Batting: RHB Ryan Miller
|
0-0: Ground out 5-3 (Groundball, 56S, EV 88.8 MPH)
|
Top of the 4th over - 1 run, 3 hits, 0 errors, 2 left on base; Long Island 1 - Ogallala 0 |
BOTTOM OF THE 4TH |
Ogallala Octopi batting - Pitching for Long Island Ducks : RHP Terrence Ramsey
|
Batting: RHB Arjan Zintel
|
0-0: Called Strike 0-1: Bunt missed! 0-2: Fly out, F9 (Flyball, 9S, EV 85.0 MPH)
|
Batting: LHB Rhys Robert
|
0-0: Ball 1-0: Ball 2-0: Foul Ball, location: 2F 2-1: SINGLE (Line Drive, 6MD, EV 105.0 MPH)
|
Batting: RHB Abílio Cosgaia
|
0-0: Ball 1-0: Ball 2-0: Swinging Strike 2-1: Ball 3-1: Base on Balls Rhys Robert to second
|
Batting: RHB Miguel Zarate
|
0-0: Ball 1-0: Ball 2-0: Called Strike 2-1: Grounds into double play, 5-4-3 (Groundball, 56, EV 105.0 MPH)
|
Bottom of the 4th over - 0 runs, 1 hit, 0 errors, 1 left on base; Long Island 1 - Ogallala 0 |
TOP OF THE 5TH |
Long Island Ducks batting - Pitching for Ogallala Octopi : RHP Wilton Farrell
|
Batting: LHB Dan Lauer
|
0-0: Called Strike 0-1: Ball 1-1: Ball 2-1: Called Strike 2-2: Ground out 4-3 (Groundball, 4, EV 102.5 MPH)
|
Batting: LHB Quincy Wright
|
0-0: Ball 1-0: Ball 2-0: Ball 3-0: Called Strike 3-1: Called Strike 3-2: Foul Ball, location: 2F 3-2: Foul Ball, location: 2F 3-2: SOLO HOME RUN (Flyball, 9D, EV 95.6 MPH), Distance : 364 ft
|
Batting: RHB Marvin Moody
|
0-0: Ball 1-0: Foul Ball, location: 2F 1-1: Foul Ball, location: 2F 1-2: Ball 2-2: Fly out, F7 (Flyball, 7D, EV 77.5 MPH)
|
Batting: RHB Alden Hargrove
|
0-0: Foul Ball, location: 2F 0-1: Called Strike 0-2: Foul Ball, location: 2F 0-2: Ball 1-2: Strikes out swinging
|
Top of the 5th over - 1 run, 1 hit, 0 errors, 0 left on base; Long Island 2 - Ogallala 0 |
BOTTOM OF THE 5TH |
Ogallala Octopi batting - Pitching for Long Island Ducks : RHP Terrence Ramsey
|
Batting: RHB Dave Pace
|
0-0: Fly out, F7 (Flyball, 7LM, EV 93.1 MPH)
|
Batting: RHB Freddie Martin
|
0-0: Ball 1-0: Ball 2-0: Called Strike 2-1: Fly out, F7 (Flyball, 7LMF, EV 86.2 MPH)
|
Batting: RHB Vladimir Milojeviĉ
|
0-0: Called Strike 0-1: Ball 1-1: Foul Ball, location: 2F 1-2: Foul Ball, location: 2F 1-2: Foul Ball, location: 2F 1-2: Ball 2-2: Strikes out swinging
|
Bottom of the 5th over - 0 runs, 0 hits, 0 errors, 0 left on base; Long Island 2 - Ogallala 0 |
TOP OF THE 6TH |
Long Island Ducks batting - Pitching for Ogallala Octopi : RHP Wilton Farrell
|
Batting: SHB Ed Edwards
|
0-0: Ball 1-0: Called Strike 1-1: Foul Ball, location: 2F 1-2: Ball 2-2: Foul Ball, location: 2F 2-2: Strikes out swinging
|
Batting: RHB Jeremy Blanchard
|
0-0: Ball 1-0: Ball 2-0: Ball 3-0: Called Strike 3-1: Called Strike 3-2: Base on Balls
|
Batting: LHB Johnny Sawyer
|
0-0: Ball 1-0: Called Strike 1-1: Ball 2-1: Ball 3-1: Base on Balls Jeremy Blanchard to second
|
Batting: RHB Jesse Haas
|
0-0: Called Strike 0-1: Swinging Strike 0-2: Ball 1-2: Ball 2-2: Foul Ball, location: 2F 2-2: Fly out, F7 (Flyball, 7, EV 96.2 MPH)
|
Pitching: RHP Lulani Makalapua
|
|
Batting: RHB Ryan Miller
|
0-0: Foul Ball, location: 2F 0-1: Foul Ball, location: 2F 0-2: Strikes out swinging
|
Top of the 6th over - 0 runs, 0 hits, 0 errors, 2 left on base; Long Island 2 - Ogallala 0 |
BOTTOM OF THE 6TH |
Ogallala Octopi batting - Pitching for Long Island Ducks : RHP Terrence Ramsey
|
Batting: RHB Al Garrett
|
0-0: Ball 1-0: Called Strike 1-1: Foul Ball, location: 2F 1-2: Ball 2-2: Ball 3-2: SINGLE (Groundball, 56D, EV 112.5 MPH)
|
Batting: RHB Wei-fang Ping
|
0-0: Sac Bunt to 15S - play at first, batter OUT! 1-3 Al Garrett to second
|
Pinch Hitting: RHB Steve Patterson
|
0-0: Called Strike 0-1: Ball Al Garrett is caught stealing 3rd base 2-5 1-1: DOUBLE (Line Drive, 78D, EV 109.4 MPH)
|
Batting: LHB Rhys Robert
|
0-0: Ball 1-0: Ball 2-0: Called Strike 2-1: Ball 3-1: Fly out, F8 (Flyball, 8RD, EV 94.4 MPH)
|
Bottom of the 6th over - 0 runs, 2 hits, 0 errors, 1 left on base; Long Island 2 - Ogallala 0 |
TOP OF THE 7TH |
Long Island Ducks batting - Pitching for Ogallala Octopi : RHP Lulani Makalapua
|
Now at SS: Steve Patterson
|
|
Batting: LHB Dan Lauer
|
0-0: Swinging Strike 0-1: Called Strike 0-2: Ball 1-2: Fly out, F7 (Flyball, 78S, EV 96.9 MPH)
|
Batting: LHB Quincy Wright
|
0-0: Called Strike 0-1: Foul Ball, location: 2F 0-2: Foul Ball, location: 2F 0-2: Foul Ball, location: 2F 0-2: Strikes out looking
|
Batting: RHB Marvin Moody
|
0-0: Ball 1-0: Ball 2-0: Called Strike 2-1: Foul Ball, location: 2F 2-2: Foul Ball, location: 2F 2-2: Ball 3-2: Fly out, F9 (Flyball, 89S, EV 76.9 MPH)
|
Top of the 7th over - 0 runs, 0 hits, 0 errors, 0 left on base; Long Island 2 - Ogallala 0 |
BOTTOM OF THE 7TH |
Ogallala Octopi batting - Pitching for Long Island Ducks : RHP Terrence Ramsey
|
Batting: RHB Abílio Cosgaia
|
0-0: Swinging Strike 0-1: Ball 1-1: Ball 2-1: SINGLE (Flyball, 34D, EV 92.5 MPH)
|
Pitching: RHP Iain Abresch
|
|
Batting: RHB Miguel Zarate
|
0-0: Ball 1-0: Ball 2-0: Swinging Strike 2-1: Foul Ball, location: 2F 2-2: Ball 3-2: Foul Ball, location: 2F 3-2: Ground out 6-3 (Groundball, 6S, EV 83.1 MPH) Abílio Cosgaia to second
|
Batting: RHB Dave Pace
|
0-0: SINGLE (Groundball, 6MD, EV 105.6 MPH) Abílio Cosgaia to third Runner from 3rd tries for Home, SAFE, throw by CF to home
|
Batting: RHB Freddie Martin
|
0-0: Called Strike 0-1: Swinging Strike 0-2: Strikes out swinging
|
Batting: RHB Vladimir Milojeviĉ
|
0-0: Ball 1-0: Called Strike 1-1: Called Strike 1-2: Strikes out swinging
|
Bottom of the 7th over - 1 run, 2 hits, 0 errors, 1 left on base; Long Island 2 - Ogallala 1 |
TOP OF THE 8TH |
Long Island Ducks batting - Pitching for Ogallala Octopi : RHP Lulani Makalapua
|
Batting: RHB Alden Hargrove
|
0-0: Called Strike 0-1: Fly out, F9 (Flyball, 9S, EV 86.9 MPH)
|
Batting: SHB Ed Edwards
|
0-0: Ball 1-0: Ball 2-0: DOUBLE (Flyball, 8RXD, EV 100.6 MPH)
|
Batting: RHB Jeremy Blanchard
|
0-0: Called Strike 0-1: SINGLE (Groundball, 6S, EV 70.6 MPH) (infield hit) Ed Edwards to third
|
Batting: LHB Johnny Sawyer
|
0-0: Fielders Choice at 2nd, U6 (Groundball, 4M, EV 81.2 MPH) Ed Edwards scores
|
Batting: RHB Jesse Haas
|
0-0: Fielders Choice at 2nd, 6-4 (Groundball, 56, EV 82.5 MPH)
|
Top of the 8th over - 1 run, 2 hits, 0 errors, 1 left on base; Long Island 3 - Ogallala 1 |
BOTTOM OF THE 8TH |
Ogallala Octopi batting - Pitching for Long Island Ducks : RHP Iain Abresch
|
Batting: RHB Al Garrett
|
0-0: Ball 1-0: Swinging Strike 1-1: Called Strike 1-2: Foul Ball, location: 2F 1-2: Strikes out swinging, 2-3 out at first.
|
Pinch Hitting: LHB Min-bum Chong
|
0-0: Called Strike 0-1: Ball 1-1: Foul Ball, location: 2F 1-2: Ball 2-2: DOUBLE (Line Drive, 78D, EV 103.8 MPH)
|
Batting: RHB Steve Patterson
|
0-0: Ball 1-0: Ball 2-0: Foul Ball, location: 2F 2-1: Ball 3-1: Base on Balls
|
Pitching: RHP Gus Lewis
|
|
Batting: LHB Rhys Robert
|
0-0: Swinging Strike 0-1: Foul Ball, location: 2F 0-2: Strikes out swinging
|
Pinch Hitting: LHB Russ French
|
0-0: Foul Ball, location: 2F 0-1: Ball 1-1: Ball 2-1: Ground out 6-3 (Groundball, P, EV 88.1 MPH)
|
Bottom of the 8th over - 0 runs, 1 hit, 0 errors, 2 left on base; Long Island 3 - Ogallala 1 |
TOP OF THE 9TH |
Long Island Ducks batting - Pitching for Ogallala Octopi : RHP Lulani Makalapua
|
Now in LF: Cortez Aenlle
|
|
Now in RF: Min-bum Chong
|
|
Pinch Hitting: LHB Juan Rivera
|
0-0: Foul Ball, location: 2F 0-1: Ball 1-1: Foul Ball, location: 2F 1-2: Ball 2-2: Strikes out swinging
|
Batting: LHB Dan Lauer
|
0-0: Swinging Strike 0-1: Foul Ball, location: 2F 0-2: Ball 1-2: Strikes out swinging
|
Batting: LHB Quincy Wright
|
0-0: Swinging Strike 0-1: Foul Ball, location: 2F 0-2: Foul Ball, location: 2F 0-2: Foul Ball, location: 2F 0-2: Foul Ball, location: 2F 0-2: Ground out 5-3 (Groundball, 56S, EV 91.9 MPH)
|
Top of the 9th over - 0 runs, 0 hits, 0 errors, 0 left on base; Long Island 3 - Ogallala 1 |
BOTTOM OF THE 9TH |
Ogallala Octopi batting - Pitching for Long Island Ducks : RHP Gus Lewis
|
Pitching: RHP Jussi-Pekka Hostikka
|
|
Now at SS: Ryoma Sánchez
|
|
Batting: RHB Miguel Zarate
|
0-0: SINGLE (Groundball, 3D, EV 96.9 MPH)
|
Batting: RHB Dave Pace
|
0-0: SINGLE (Line Drive, 9S, EV 88.8 MPH) Miguel Zarate to second
|
Batting: RHB Freddie Martin
|
0-0: Called Strike 0-1: Ball 1-1: Ball Passed Ball! Miguel Zarate to third Dave Pace to second 2-1: Foul Ball, location: 2F 2-2: Strikes out swinging
|
Batting: RHB Vladimir Milojeviĉ
|
0-0: Ball 1-0: Ball 2-0: Ball 3-0: Base on Balls
|
Pinch Hitting: RHB Fadi Nazeem
|
0-0: Ground out 5-3 (Groundball, 56S, EV 67.5 MPH) Miguel Zarate scores Dave Pace to third Vladimir Milojeviĉ to second
|
Batting: LHB Min-bum Chong
|
0-0: Ball 1-0: Ball 2-0: Ball 3-0: Called Strike 3-1: Called Strike 3-2: Fly out, F9 (Flyball, 9, EV 83.8 MPH)
|
Bottom of the 9th over - 1 run, 2 hits, 0 errors, 2 left on base; Long Island 3 - Ogallala 2 |
|